 Dungeon Crawl Stone Soup version 0.28-a0-906-g0406aca7d3 (webtiles) character file.

Game seed: 11248326018694690518

66 funkygono the Skirmisher (level 4, 0/29 HPs)
             Began as a Gargoyle Fighter on Nov 23, 2021.
             Slain by a hobgoblin (2 damage)
             ... led by Robin
             ... on level 2 of the Dungeon.
             The game lasted 00:02:37 (1617 turns).

funkygono the Skirmisher (Gargoyle Fighter)         Turns: 1617, Time: 00:02:37

Health: 0/29       AC: 13    Str: 20    XL:     4   Next: 15%
Magic:  4/4        EV:  5    Int:  9    God:
Gold:   91         SH:  8    Dex:  9    Spells: 3/3 levels left

rFire   + . .      SeeInvis .   a - +0 flail (vorpal)
rCold   + + .      Faith    .   h - +0 kite shield {rC+ rF+}
rNeg    + . .      Spirit   .   f - +0 chain mail
rPois   ∞          Reflect  .   (no helmet)
rElec   +          Harm     .   (no cloak)
rCorr   .          Rampage  .   (no gloves)
Will    .....                   (no boots)
Stlth   ..........              (no amulet)
HPRegen 0.09/turn               g - ring of protection from cold
MPRegen 0.09/turn               (no ring)

@: no status effects
A: sickness immunity, AC +3, negative energy resistance 1, electricity
resistance, torment resistance 1, petrification resistance
a: no special abilities


You were on level 2 of the Dungeon.
You visited 1 branch of the dungeon, and saw 2 of its levels.

You collected 91 gold pieces.

Inventory:

Hand Weapons
 a - a +0 vorpal flail (weapon)
Missiles
 e - 49 stones
 i - 9 poisoned darts (quivered)
Armour
 b - a +0 scale mail
 c - a +0 buckler
 f - a +0 chain mail (worn)
 h - a +0 kite shield of resistance (worn)
 j - a +2 leather armour of cold resistance
Jewellery
 g - a ring of protection from cold (left hand)
Scrolls
 l - a scroll of brand weapon
Potions
 d - a potion of might
 k - a potion of heal wounds {unknown}


   Skills:
 + Level 3.9 Fighting
 + Level 2.8 Maces & Flails
 + Level 3.8 Armour
 + Level 0.1 Dodging
 + Level 3.8 Shields


You had 3 spell levels left.
You didn't know any spells.
Your spell library was empty.

Dungeon Overview and Level Annotations

Branches:
Dungeon (2/15)

Altars:

Annotations:
D:2 Robin


Innate Abilities, Weirdness & Mutations

You are immune to sickness and miasma.
Your stone body is resilient. (AC +3)
You are immune to poison.
You resist negative energy. (rN+)
You are resistant to electric shocks. (rElec)
You are resistant to unholy torment.
You are immune to petrification.


Message History

The goblin closely misses you.
You closely miss the goblin. The goblin hits you but does no damage.
You block the goblin's attack.
You sock the goblin!
You kill the goblin!
You block the goblin's attack.
Robin roars a battlecry!
The goblins go into a battle-frenzy!
You hear a shout!
You sock the goblin!
You kill the goblin!
Robin hits you but does no damage.
You closely miss the hobgoblin. The hobgoblin hits you.
You block Robin's attack. You block the hobgoblin's attack.
Robin throws the goblin at you!
* * * LOW HITPOINT WARNING * * *
You closely miss the goblin. You block the goblin's attack.
The hobgoblin hits you but does no damage.
Robin throws the goblin at you!
* * * LOW HITPOINT WARNING * * *
The goblin hits you but does no damage.
You hit the goblin.
The goblin is heavily wounded.
The goblin hits you but does no damage.
The hobgoblin hits you but does no damage.
Robin hits you but does no damage. You block the goblin's attack.
The goblin completely misses you.
The hobgoblin hits you but does no damage.
You closely miss the goblin.
The goblin is heavily wounded.
You block Robin's attack. The goblin hits you but does no damage.
You block the goblin's attack.
The hobgoblin hits you but does no damage.
Robin roars a battlecry!
The goblin hits you with a +0 club.
* * * LOW HITPOINT WARNING * * *
You sock the goblin!
You kill the goblin!
You block the goblin's attack. The hobgoblin hits you.
You die...

#.##...###.)...†....#..
.......##....######.#..
.##.##.[........### #.[
.. .> #.##.....#...#
#.. .. ..#............#
#.. #..##.....##.# #..
#......##.##### #.. ..#
#)####.##.....# ### #..
#g@g.#.####...... #
#..######g#.#.........
#.........#......)....
#...#....g..#.########
#...#.#.......#
######...#)#.#g..###
.........)†..#.###
..........####+#
$.........#


You could see Robin, a hobgoblin (strong) and a goblin (strong).

Vanquished Creatures
  A hound skeleton (D:2)
  An adder (D:2)
  3 dart slugs
  5 bats
  3 endoplasms
  2 giant cockroaches (D:2)
  7 goblins (D:2)
  4 hobgoblins (D:1)
  3 jackals (D:2)
  3 kobolds
  4 rats
36 creatures vanquished.

Notes
Turn   | Place    | Note
-------+----------+-------------------------------------------
     0 | D:1      | funkygono the Gargoyle Fighter began the quest for the Orb.
     0 | D:1      | Reached XP level 1. HP: 14/14 MP: 1/1
   283 | D:1      | Reached XP level 2. HP: 16/19 MP: 2/2
   822 | D:1      | Identified a scroll of acquirement
   822 | D:1      | Acquired a +0 kite shield of resistance
   968 | D:2      | Reached XP level 3. HP: 21/24 MP: 3/3
  1571 | D:2      | Noticed Robin
  1609 | D:2      | Reached XP level 4. HP: 10/29 MP: 4/4
  1617 | D:2      | Slain by a hobgoblin

Illustrated notes

Levels and vault maps discovered:
D:1:      heliophobic_arrival_battle_scene, layout_loops_ring
D:2:      layout_basic, uniq_crazy_yiuf_cottage, uniq_robin

Action                   |  1- 3 |  4- 6 || total
-------------------------+-------+-------++-------
Melee: Flail             |   102 |     9 ||   111
  Use: Scroll            |     2 |       ||     2
Armor: Chain mail        |    80 |    11 ||    91
Dodge: Dodged            |    35 |     2 ||    37
Block: Buckler           |     5 |       ||     5
       Kite shield       |    46 |     9 ||    55

Table legend: (Time is in decaauts)
 A = Elapsed time spent in this place.
 B = Non-inter-level travel time spent in this place.
 C = Inter-level travel time spent in this place.
 D = Time resting spent in this place.
 E = Time spent auto-exploring this place.
 F = Levels seen in this place.
 G = Mean time per level.
                   A        B        C        D        E       F      G
               +--------+--------+--------+--------+--------+-----+--------+
         Total |   1665 |   1641 |     24 |      0 |   1268 |   2 |  832.5 |
       Dungeon |   1665 |   1641 |     24 |      0 |   1268 |   2 |  832.5 |
               +--------+--------+--------+--------+--------+-----+--------+

Top non-repeatable levels by time:
     D:1: 867 daAuts
     D:2: 798 daAuts
